[Event "Mitropa Online Cup Open 2021"]
[Site "Hybrid"]
[Date "2021.05.04"]
[Round "1.1"]
[White "Prusikin, Michael"]
[Black "Studer, Noel"]
[Result "1/2-1/2"]
[ECO "B89"]
[WhiteElo "2547"]
[BlackElo "2579"]
[Annotator "RC"]
[PlyCount "103"]
[EventDate "2021.05.04"]
[EventType "team-tourn"]
[EventCountry "NET"]
[SourceTitle "playchess.com"]
[Source "ChessBase"]
[SourceQuality "1"]
[WhiteTeam "Germany"]
[BlackTeam "Switzerland"]
[WhiteTeamCountry "GER"]
[BlackTeamCountry "SUI"]
[TimeControl "40/5400+30:1800+30"]

1. e4 c5 2. Nf3 Nc6 3. d4 cxd4 4. Nxd4 Nf6 5. Nc3 d6 6. Bc4 e6 7. Be3 Be7 8. Qe2 O-O 9. O-O-O a6 10. Bb3 Qc7 11. h4 b5 12. g4 Na5 13. g5 Nxb3+ 14. axb3 Nd7 15. g6 Nf6 16. gxh7+ Kh8 17. Rhg1 b4 18. Na4 Bb7 19. f3 d5 20. Qg2 Ne8 21. f4 dxe4 22. f5 Rd8 23. h5 exf5 24. Nxf5 Rxd1+ 25. Rxd1 Bf6 26. Kb1 Kxh7 27. Qg4 Bc8 28. Bc5 Rh8 29. Qxe4 Qe5 30. Qxe5 Bxe5 31. Rf1 Nf6 32. Bxb4 Nxh5 33. Ne7 Be6 34. Nc5 Bf6 35. Nxe6 fxe6 36. Rh1 g6 37. Nc6 Kg7 38. Rd1 g5 39. c4 Nf4 40. Bc3 Bxc3 41. bxc3 Rh3 42. Rg1 Kf6 43. Kb2 Rf3 44. b4 e5 45. b5 axb5 46. cxb5 Nd5 47. Re1 Nxc3 48. Nxe5 Na4+ 49. Ka2 Rf5 50. Nd7+ Kg6 51. Kb3 Rxb5+ 52. Kxa4 1/2-1/2

[Event "Mitropa Online Cup Open 2021"]
[Site "Hybrid"]
[Date "2021.05.04"]
[Round "1.1"]
[White "Kurmann, Oliver"]
[Black "Parvanyan, Ashot"]
[Result "0-1"]
[ECO "C15"]
[WhiteElo "2430"]
[BlackElo "2436"]
[Annotator "NA"]
[PlyCount "68"]
[EventDate "2021.05.04"]
[EventType "team-tourn"]
[EventCountry "NET"]
[SourceTitle "playchess.com"]
[Source "ChessBase"]
[SourceQuality "1"]
[WhiteTeam "Switzerland"]
[BlackTeam "Germany"]
[WhiteTeamCountry "SUI"]
[BlackTeamCountry "GER"]
[TimeControl "40/5400+30:1800+30"]

1. e4 e6 2. d4 d5 3. Nc3 Bb4 4. Nge2 dxe4 5. a3 Bxc3+ 6. Nxc3 Nc6 7. Bb5 Nge7 8. Bg5 f6 9. Be3 O-O 10. Qd2 f5 11. O-O-O a6 12. Bxc6 bxc6 13. Bf4 Rf7 14. h4 h6 15. h5 a5 16. Rh3 a4 17. Rg3 Kh7 18. Be5 Ng8 19. Ne2 Nf6 20. Nf4 Ng4 21. Rxg4 fxg4 22. Qe2 Qg5 23. Qxe4+ Qf5 24. Qxc6 Ra6 25. Qb5 c5 26. Qe8 Bd7 27. Qb8 cxd4 28. Rxd4 Rc6 29. c3 Rc5 30. Rxd7 Rxd7 31. Ng6 Qg5+ 32. Kb1 Rd8 33. Qb6 Rxe5 34. Nxe5 Rd1+ 0-1

[Event "Mitropa Online Cup Open 2021"]
[Site "Hybrid"]
[Date "2021.05.04"]
[Round "1.1"]
[White "Koellner, Ruben Gideon"]
[Black "Baenziger, Fabian"]
[Result "1-0"]
[ECO "B52"]
[WhiteElo "2412"]
[BlackElo "2400"]
[Annotator "NA"]
[PlyCount "81"]
[EventDate "2021.05.04"]
[EventType "team-tourn"]
[EventCountry "NET"]
[SourceTitle "playchess.com"]
[Source "ChessBase"]
[SourceQuality "1"]
[WhiteTeam "Germany"]
[BlackTeam "Switzerland"]
[WhiteTeamCountry "GER"]
[BlackTeamCountry "SUI"]
[TimeControl "40/5400+30:1800+30"]

1. e4 c5 2. Nf3 d6 3. Bb5+ Bd7 4. Bxd7+ Nxd7 5. O-O Ngf6 6. Qe2 e6 7. c3 Be7 8. d4 O-O 9. Rd1 cxd4 10. cxd4 Nb8 11. Nc3 d5 12. e5 Nfd7 13. g3 Qb6 14. h4 Qa6 15. Nb5 Nc6 16. Bg5 Rac8 17. Rac1 h6 18. Bxe7 Nxe7 19. b3 Rxc1 20. Rxc1 Rc8 21. Rxc8+ Nxc8 22. a4 Qc6 23. Qd2 a6 24. Nc3 Ne7 25. Ne2 Qb6 26. Qe3 Nb8 27. h5 Nbc6 28. g4 Na5 29. Nd2 Qb4 30. f4 Nac6 31. Kf2 Kf8 32. Qd3 Na5 33. Ke3 Nec6 34. f5 Ke7 35. fxe6 fxe6 36. Qg6 Kf8 37. Qxe6 Nxb3 38. Nf3 Ne7 39. Qd7 Qa5 40. e6 Qb6 41. Ne5 1-0

[Event "Mitropa Online Cup Open 2021"]
[Site "Hybrid"]
[Date "2021.05.04"]
[Round "1.2"]
[White "Krejci, Jan"]
[Black "Kovacevic, Blazimir"]
[Result "1/2-1/2"]
[ECO "E43"]
[WhiteElo "2540"]
[BlackElo "2410"]
[Annotator "ChessBase"]
[PlyCount "156"]
[EventDate "2021.05.04"]
[EventType "team-tourn"]
[EventCountry "NET"]
[SourceTitle "playchess.com"]
[Source "ChessBase"]
[SourceQuality "1"]
[WhiteTeam "Czech Republic"]
[BlackTeam "Croatia"]
[WhiteTeamCountry "CZE"]
[BlackTeamCountry "CRO"]
[TimeControl "40/5400+30:1800+30"]

1. d4 e6 2. Nf3 Nf6 3. c4 Bb4+ 4. Nc3 b6 5. e3 Ne4 6. Qc2 Bb7 7. Bd2 Bxc3 8. Bxc3 Nxc3 9. Qxc3 Qf6 10. Be2 c5 11. O-O d6 12. Rfd1 O-O 13. Rac1 Nc6 14. d5 Qxc3 15. bxc3 exd5 16. Rxd5 Rfd8 17. Rcd1 Kf8 18. Rxd6 Rxd6 19. Rxd6 Ke7 20. Rd1 Ba6 21. Kf1 f6 22. Ke1 Na5 23. Nd2 Rd8 24. f3 f5 25. h3 Rd6 26. Rc1 Re6 27. Kf2 Rd6 28. Rc2 Rh6 29. Bd3 Ke6 30. f4 Rf6 31. Nf3 Bxc4 32. Ng5+ Ke7 33. Bxc4 Nxc4 34. Nxh7 Rd6 35. Re2 Nd2 36. Ng5 Nb1 37. c4 Nc3 38. Rc2 Rd3 39. g4 g6 40. Kf3 a6 41. gxf5 gxf5 42. h4 b5 43. h5 b4 44. h6 Rd8 45. h7 a5 46. Rh2 Rh8 47. e4 a4 48. exf5 a3 49. Ne4 Nxa2 50. f6+ Ke8 51. Rxa2 Rxh7 52. f7+ Kf8 53. Ng5 Rh6 54. Re2 Rf6 55. Nh7+ Kxf7 56. Nxf6 b3 57. Nd5 a2 58. Re7+ Kf8 59. Ra7 b2 60. Ra8+ Kf7 61. Ra7+ Kf8 62. Ra8+ Kf7 63. Ra7+ Ke8 64. Ra8+ Kd7 65. Rxa2 b1=Q 66. Ra7+ Kd8 67. Ra8+ Kd7 68. Ra7+ Kc8 69. Ne7+ Kd8 70. Nc6+ Ke8 71. Ne5 Qh1+ 72. Kg4 Qe4 73. Kg5 Qe3 74. Kf5 Qb3 75. Ra8+ Ke7 76. Ra7+ Ke8 77. Ra8+ Ke7 78. Ra7+ Ke8 1/2-1/2

[Event "Mitropa Online Cup Open 2021"]
[Site "Hybrid"]
[Date "2021.05.04"]
[Round "1.2"]
[White "Zelcic, Robert"]
[Black "Kriebel, Tadeas"]
[Result "1/2-1/2"]
[ECO "B44"]
[WhiteElo "2539"]
[BlackElo "2527"]
[Annotator "ChessBase"]
[PlyCount "73"]
[EventDate "2021.05.04"]
[EventType "team-tourn"]
[EventCountry "NET"]
[SourceTitle "playchess.com"]
[Source "ChessBase"]
[SourceQuality "1"]
[WhiteTeam "Croatia"]
[BlackTeam "Czech Republic"]
[WhiteTeamCountry "CRO"]
[BlackTeamCountry "CZE"]
[TimeControl "40/5400+30:1800+30"]

1. e4 c5 2. Nf3 e6 3. d4 cxd4 4. Nxd4 Nc6 5. Bf4 d6 6. Nxc6 bxc6 7. c4 e5 8. Be3 Nf6 9. Nc3 Be7 10. Be2 O-O 11. O-O Be6 12. Qd2 d5 13. exd5 cxd5 14. cxd5 Nxd5 15. Nxd5 Qxd5 16. Qxd5 Bxd5 17. Rfd1 Be6 18. Bf3 Rad8 19. Bxa7 Rxd1+ 20. Bxd1 Ra8 21. Be3 Rxa2 22. Rxa2 Bxa2 23. b3 Bb1 24. g4 f5 25. gxf5 Kf7 26. Bd2 Bxf5 27. b4 Ke6 28. Bb3+ Kd6 29. Bc4 Kc6 30. Kf1 Bg4 31. Kg2 e4 32. Bc3 Bf3+ 33. Kg1 g5 34. h3 h5 35. Bd2 g4 36. hxg4 hxg4 37. Kf1 1/2-1/2

[Event "Mitropa Online Cup Open 2021"]
[Site "Hybrid"]
[Date "2021.05.04"]
[Round "1.2"]
[White "Rogic, Davor"]
[Black "Nguyen, Thai Dai Van"]
[Result "0-1"]
[ECO "B33"]
[WhiteElo "2492"]
[BlackElo "2577"]
[Annotator "ChessBase"]
[PlyCount "96"]
[EventDate "2021.05.04"]
[EventType "team-tourn"]
[EventCountry "NET"]
[SourceTitle "playchess.com"]
[Source "ChessBase"]
[SourceQuality "1"]
[WhiteTeam "Croatia"]
[BlackTeam "Czech Republic"]
[WhiteTeamCountry "CRO"]
[BlackTeamCountry "CZE"]
[TimeControl "40/5400+30:1800+30"]

1. e4 c5 2. Nf3 Nc6 3. d4 cxd4 4. Nxd4 Nf6 5. Nc3 e5 6. Ndb5 d6 7. Bg5 a6 8. Na3 b5 9. Nd5 Be7 10. Bxf6 Bxf6 11. c4 b4 12. Nc2 O-O 13. g3 a5 14. Bg2 g6 15. O-O Bg7 16. Qd2 Be6 17. Rad1 Nd4 18. Nde3 b3 19. axb3 Nxb3 20. Qxd6 Qxd6 21. Rxd6 Rfb8 22. Rb1 a4 23. Rd3 Ra7 24. Na3 Nd4 25. Bf1 Rab7 26. Nd1 Bf8 27. Kg2 Bc5 28. Rc3 Bb4 29. Rd3 Bd7 30. Rc1 Nb3 31. Rc2 Nd4 32. Rc1 Nb3 33. Rc2 Nc5 34. Re3 Bc6 35. f3 Ne6 36. Nb5 Bc5 37. Rd3 Nd4 38. Rc1 Bxb5 39. cxb5 Rxb5 40. Rdc3 Rxb2+ 41. Nxb2 Rxb2+ 42. Kh3 Bb4 43. Rc8+ Kg7 44. f4 exf4 45. R1c4 Nf3 46. Rc2 a3 47. Rxb2 axb2 48. Bd3 Ne1 0-1

[Event "Mitropa Online Cup Open 2021"]
[Site "Hybrid"]
[Date "2021.05.04"]
[Round "1.2"]
[White "Finek, Vaclav"]
[Black "Tica, Sven"]
[Result "1-0"]
[ECO "E06"]
[WhiteElo "2361"]
[BlackElo "2396"]
[Annotator "NA"]
[PlyCount "65"]
[EventDate "2021.05.04"]
[EventType "team-tourn"]
[EventCountry "NET"]
[SourceTitle "playchess.com"]
[Source "ChessBase"]
[SourceQuality "1"]
[WhiteTeam "Czech Republic"]
[BlackTeam "Croatia"]
[WhiteTeamCountry "CZE"]
[BlackTeamCountry "CRO"]
[TimeControl "40/5400+30:1800+30"]

1. Nf3 d5 2. c4 e6 3. g3 Nf6 4. Bg2 Be7 5. O-O O-O 6. d4 c6 7. Qc2 b6 8. Nbd2 Bb7 9. e4 Na6 10. a3 c5 11. exd5 exd5 12. dxc5 Nxc5 13. b4 Ne6 14. Bb2 Rc8 15. Ne5 a5 16. b5 Qc7 17. Rac1 Rfe8 18. Rfe1 Nc5 19. cxd5 Nxd5 20. Nxf7 Bf6 21. Bxf6 Qxf7 22. Bd4 Ne6 23. Qb2 Rxc1 24. Rxc1 Ndf4 25. gxf4 Nxf4 26. Bxb7 Qxb7 27. f3 Ne2+ 28. Kf2 Nxc1 29. Qxc1 Qe7 30. Ne4 Qh4+ 31. Kg2 Rxe4 32. Qc8+ Kf7 33. Qf5+ 1-0

[Event "Mitropa Online Cup Open 2021"]
[Site "Hybrid"]
[Date "2021.05.04"]
[Round "1.3"]
[White "Pechac, Jergus"]
[Black "Markoja, Boris"]
[Result "1/2-1/2"]
[ECO "E41"]
[WhiteElo "2519"]
[BlackElo "2442"]
[Annotator "ChessBase"]
[PlyCount "39"]
[EventDate "2021.05.04"]
[EventType "team-tourn"]
[EventCountry "NET"]
[SourceTitle "playchess.com"]
[Source "ChessBase"]
[SourceQuality "1"]
[WhiteTeam "Slovakia"]
[BlackTeam "Slovenia"]
[WhiteTeamCountry "SVK"]
[BlackTeamCountry "SLO"]
[TimeControl "40/5400+30:1800+30"]

1. d4 Nf6 2. c4 e6 3. Nc3 Bb4 4. e3 O-O 5. Bd3 c5 6. Nge2 Nc6 7. O-O d6 8. Qc2 Bxc3 9. Qxc3 Qa5 10. Qxa5 Nxa5 11. Bd2 Nc6 12. a3 Rd8 13. b4 Ne5 14. dxe5 dxe5 15. Nc1 e4 16. bxc5 b6 17. Rd1 exd3 18. cxb6 axb6 19. Bb4 Ba6 20. Nxd3 1/2-1/2

[Event "Mitropa Online Cup Open 2021"]
[Site "Hybrid"]
[Date "2021.05.04"]
[Round "1.3"]
[White "Sebenik, Matej"]
[Black "Gazik, Viktor"]
[Result "1/2-1/2"]
[ECO "E11"]
[WhiteElo "2498"]
[BlackElo "2542"]
[Annotator "ChessBase"]
[PlyCount "111"]
[EventDate "2021.05.04"]
[EventType "team-tourn"]
[EventCountry "NET"]
[SourceTitle "playchess.com"]
[Source "ChessBase"]
[SourceQuality "1"]
[WhiteTeam "Slovenia"]
[BlackTeam "Slovakia"]
[WhiteTeamCountry "SLO"]
[BlackTeamCountry "SVK"]
[TimeControl "40/5400+30:1800+30"]

1. d4 Nf6 2. c4 e6 3. Nf3 Bb4+ 4. Bd2 Qe7 5. e3 O-O 6. Bd3 Bxd2+ 7. Qxd2 d6 8. Nc3 e5 9. Bc2 c6 10. O-O-O Re8 11. Ng5 Na6 12. h3 Nb4 13. Bb1 h6 14. dxe5 dxe5 15. Nge4 a5 16. a3 Na6 17. Nxf6+ Qxf6 18. Ne4 Qe6 19. Qc2 Qg6 20. g4 Be6 21. f4 exf4 22. exf4 f5 23. Nd6 Nc5 24. Qc3 Bd5 25. Nxf5 Be4 26. Bxe4 Rxe4 27. Rhe1 Rae8 28. Rxe4 Rxe4 29. Kb1 Kh7 30. Re1 h5 31. Rxe4 Nxe4 32. Qc2 Nc5 33. Nd4 hxg4 34. hxg4 a4 35. Qxg6+ Kxg6 36. Kc2 Kf6 37. Kc3 Ne4+ 38. Kc2 g5 39. fxg5+ Kxg5 40. Ne6+ Kxg4 41. Nd8 Kf4 42. Nxb7 Ke3 43. Na5 Kd4 44. Nxc6+ Kxc4 45. Nb4 Nc5 46. Na2 Nb3 47. Nc3 Nd4+ 48. Kc1 Nb5 49. Kd2 Nxc3 50. bxc3 Kb3 51. Kd3 Kxa3 52. Kc2 Ka2 53. c4 a3 54. c5 Ka1 55. c6 a2 56. c7 1/2-1/2

[Event "Mitropa Online Cup Open 2021"]
[Site "Hybrid"]
[Date "2021.05.04"]
[Round "1.3"]
[White "Nayhebaver, Martin"]
[Black "Dobrovoljc, Vid"]
[Result "0-1"]
[ECO "C90"]
[WhiteElo "2485"]
[BlackElo "2377"]
[Annotator "ChessBase"]
[PlyCount "70"]
[EventDate "2021.05.04"]
[EventType "team-tourn"]
[EventCountry "NET"]
[SourceTitle "playchess.com"]
[Source "ChessBase"]
[SourceQuality "1"]
[WhiteTeam "Slovakia"]
[BlackTeam "Slovenia"]
[WhiteTeamCountry "SVK"]
[BlackTeamCountry "SLO"]
[TimeControl "40/5400+30:1800+30"]

1. e4 e5 2. Nf3 Nc6 3. Bc4 Nf6 4. d3 Be7 5. O-O O-O 6. Re1 d6 7. c3 Na5 8. Bb5 a6 9. Ba4 b5 10. Bc2 c5 11. Nbd2 Nc6 12. Nf1 Re8 13. a4 Rb8 14. axb5 axb5 15. h3 Bf8 16. d4 cxd4 17. cxd4 exd4 18. Nxd4 Nxd4 19. Qxd4 Qc7 20. Bb3 Qc5 21. Qxc5 dxc5 22. Bf4 Rb6 23. e5 Nd7 24. Ra8 c4 25. Bc2 Ra6 26. Rxa6 Bxa6 27. Ra1 Bb7 28. Ra7 Nc5 29. Be3 Bd5 30. Rc7 Na6 31. Ra7 Nb4 32. Bb1 Rxe5 33. Nd2 Re8 34. Nf3 Bxf3 35. g3 Rd8 0-1

[Event "Mitropa Online Cup Open 2021"]
[Site "Hybrid"]
[Date "2021.05.04"]
[Round "1.3"]
[White "Spalir, Jernej"]
[Black "Druska, Juraj"]
[Result "0-1"]
[ECO "D37"]
[WhiteElo "2389"]
[BlackElo "2494"]
[Annotator "ChessBase"]
[PlyCount "80"]
[EventDate "2021.05.04"]
[EventType "team-tourn"]
[EventCountry "NET"]
[SourceTitle "playchess.com"]
[Source "ChessBase"]
[SourceQuality "1"]
[WhiteTeam "Slovenia"]
[BlackTeam "Slovakia"]
[WhiteTeamCountry "SLO"]
[BlackTeamCountry "SVK"]
[TimeControl "40/5400+30:1800+30"]

1. d4 d5 2. c4 e6 3. Nc3 Nf6 4. Nf3 Be7 5. Bf4 O-O 6. e3 b6 7. cxd5 Nxd5 8. Nxd5 exd5 9. Bd3 c5 10. O-O c4 11. Bc2 Nc6 12. Ne5 Nxe5 13. Bxe5 g6 14. b3 a5 15. bxc4 Ba6 16. e4 Bxc4 17. Bd3 Rc8 18. Bxc4 Rxc4 19. Qb3 a4 20. Qb5 f6 21. Bg3 Rxd4 22. exd5 f5 23. d6 Bxd6 24. Bxd6 Qxd6 25. Rab1 Rf6 26. Qe8+ Kg7 27. Rfe1 f4 28. f3 a3 29. Qe7+ Qxe7 30. Rxe7+ Kh6 31. Ra7 Rd2 32. Rxa3 Rc6 33. Kh1 Rcc2 34. Rg1 Rxa2 35. Rxa2 Rxa2 36. Rb1 Ra7 37. Kg1 Rb7 38. Kf2 b5 39. Ke2 Kg5 40. Kd3 Kf5 0-1

[Event "Mitropa Online Cup Open 2021"]
[Site "Hybrid"]
[Date "2021.05.04"]
[Round "1.4"]
[White "Antal, Gergely"]
[Black "Brunello, Sabino"]
[Result "1-0"]
[ECO "C47"]
[WhiteElo "2572"]
[BlackElo "2519"]
[Annotator "ChessBase"]
[PlyCount "81"]
[EventDate "2021.05.04"]
[EventType "team-tourn"]
[EventCountry "NET"]
[SourceTitle "playchess.com"]
[Source "ChessBase"]
[SourceQuality "1"]
[WhiteTeam "Hungary"]
[BlackTeam "Italy"]
[WhiteTeamCountry "HUN"]
[BlackTeamCountry "ITA"]
[TimeControl "40/5400+30:1800+30"]

1. e4 e5 2. Nc3 Nf6 3. g3 d5 4. exd5 Nxd5 5. Bg2 Nxc3 6. bxc3 Bc5 7. Nf3 Nc6 8. O-O O-O 9. Re1 Bg4 10. h3 Bh5 11. g4 Bg6 12. Nxe5 Nxe5 13. d4 Nc6 14. dxc5 f5 15. Qxd8 Raxd8 16. Rb1 fxg4 17. hxg4 Na5 18. Bg5 Rde8 19. Rxe8 Rxe8 20. Rd1 h6 21. Bf4 Re7 22. Rd8+ Kh7 23. Rc8 c6 24. Bd6 Re1+ 25. Kh2 Bxc2 26. Rc7 Kg8 27. f4 Re2 28. Kg1 Be4 29. Bxe4 Rxe4 30. Kf2 Ra4 31. Be5 g5 32. f5 Nc4 33. Bd4 Rxa2+ 34. Kg3 Nd2 35. Rxb7 Ne4+ 36. Kf3 Nxc3 37. Bxc3 Ra3 38. Ke4 Rxc3 39. Ke5 h5 40. Kf6 hxg4 41. Kg6 1-0

[Event "Mitropa Online Cup Open 2021"]
[Site "Hybrid"]
[Date "2021.05.04"]
[Round "1.4"]
[White "Nagy, Gabor"]
[Black "Lodici, Lorenzo"]
[Result "1-0"]
[ECO "D36"]
[WhiteElo "2511"]
[BlackElo "2483"]
[Annotator "ChessBase"]
[PlyCount "91"]
[EventDate "2021.05.04"]
[EventType "team-tourn"]
[EventCountry "NET"]
[SourceTitle "playchess.com"]
[Source "ChessBase"]
[SourceQuality "1"]
[WhiteTeam "Hungary"]
[BlackTeam "Italy"]
[WhiteTeamCountry "HUN"]
[BlackTeamCountry "ITA"]
[TimeControl "40/5400+30:1800+30"]

1. d4 d5 2. c4 e6 3. Nc3 Nf6 4. cxd5 exd5 5. Bg5 c6 6. e3 Be7 7. Qc2 Nbd7 8. Bd3 O-O 9. Nge2 b5 10. O-O h6 11. Bh4 a5 12. f3 Ba6 13. Kh1 Re8 14. Rad1 Nf8 15. Bf2 Ne6 16. e4 dxe4 17. fxe4 Qc8 18. e5 Nd5 19. Bg1 b4 20. Ne4 a4 21. Bxa6 Qxa6 22. N2g3 g6 23. Rf3 Rad8 24. Rdf1 Rf8 25. Qd2 Kg7 26. Qf2 Kg8 27. Rxf7 Nxd4 28. Nd6 Ne6 29. Qc2 Rxf7 30. Nxf7 Kg7 31. Nxd8 Bxd8 32. Qf2 Qb7 33. Ne4 Bb6 34. Qf3 Bxg1 35. Kxg1 Qe7 36. Kh1 Nd4 37. Qg3 Qe6 38. Nd6 c5 39. Qh4 Nf5 40. Nxf5+ gxf5 41. Qg3+ Qg6 42. Qd3 Qe6 43. Qxf5 Qxf5 44. Rxf5 c4 45. e6 c3 46. bxc3 1-0

[Event "Mitropa Online Cup Open 2021"]
[Site "Hybrid"]
[Date "2021.05.04"]
[Round "1.4"]
[White "Sonis, Francesco"]
[Black "Mihok, Oliver"]
[Result "1-0"]
[ECO "E62"]
[WhiteElo "2493"]
[BlackElo "2547"]
[Annotator "ChessBase"]
[PlyCount "85"]
[EventDate "2021.05.04"]
[EventType "team-tourn"]
[EventCountry "NET"]
[SourceTitle "playchess.com"]
[Source "ChessBase"]
[SourceQuality "1"]
[WhiteTeam "Italy"]
[BlackTeam "Hungary"]
[WhiteTeamCountry "ITA"]
[BlackTeamCountry "HUN"]
[TimeControl "40/5400+30:1800+30"]

1. d4 Nf6 2. c4 g6 3. g3 Bg7 4. Bg2 O-O 5. Nc3 d6 6. Nf3 Nc6 7. O-O e5 8. dxe5 Nxe5 9. b3 Nxf3+ 10. Bxf3 c6 11. Bf4 Bh3 12. Re1 d5 13. cxd5 Nxd5 14. Nxd5 cxd5 15. Rc1 Be6 16. Qd2 Re8 17. h4 Rc8 18. Rxc8 Qxc8 19. Rc1 Qd8 20. Rc7 Re7 21. Rxe7 Qxe7 22. Bxd5 Bxd5 23. Qxd5 Qxe2 24. Qd8+ Bf8 25. Bh6 Qe1+ 26. Kg2 Qe4+ 27. Kh2 Qe7 28. Qa8 a6 29. a4 a5 30. Bxf8 Qxf8 31. Qxa5 Qe8 32. Qb6 Qe4 33. a5 f5 34. b4 Qd5 35. Qc5 Qf7 36. Kg1 f4 37. Qc8+ Kg7 38. Qc3+ Kg8 39. Qf3 fxg3 40. Qxf7+ Kxf7 41. b5 gxf2+ 42. Kxf2 Ke6 43. a6 1-0

[Event "Mitropa Online Cup Open 2021"]
[Site "Hybrid"]
[Date "2021.05.04"]
[Round "1.5"]
[White "Froewis, Georg"]
[Black "Sochacki, Christophe"]
[Result "0-1"]
[ECO "B22"]
[WhiteElo "2460"]
[BlackElo "2477"]
[Annotator "ChessBase"]
[PlyCount "126"]
[EventDate "2021.05.04"]
[EventType "team-tourn"]
[EventCountry "NET"]
[SourceTitle "playchess.com"]
[Source "ChessBase"]
[SourceQuality "1"]
[WhiteTeam "Austria"]
[BlackTeam "France"]
[WhiteTeamCountry "AUT"]
[BlackTeamCountry "FRA"]
[TimeControl "40/5400+30:1800+30"]

1. e4 c5 2. Nf3 e6 3. c3 Nf6 4. e5 Nd5 5. d4 cxd4 6. cxd4 d6 7. exd6 Bxd6 8. Nc3 Nxc3 9. bxc3 Qc7 10. Bd2 b6 11. Bd3 Nd7 12. Ng5 Nf6 13. Qf3 Bb7 14. Qh3 h6 15. Nf3 Ne4 16. O-O Nxd2 17. Nxd2 O-O 18. c4 Rfd8 19. Rfd1 Be7 20. Nb3 Bf6 21. Rac1 Qf4 22. Qe3 Qg4 23. f3 Qg5 24. Qxg5 Bxg5 25. Rc2 Rac8 26. Kf2 Kf8 27. g3 Bf6 28. Ke3 h5 29. Be4 Ba6 30. Bd3 Ke7 31. c5 Bb7 32. Be4 Bd5 33. Bxd5 Rxd5 34. Rdc1 bxc5 35. dxc5 Rc7 36. Rd2 Rxd2 37. Nxd2 Kd7 38. Nb3 Kc6 39. Kd3 Kd5 40. Rc4 e5 41. f4 g5 42. fxe5 Bxe5 43. Ra4 g4 44. Ra5 f6 45. Ra6 Rh7 46. Nd4 Kxc5 47. Ra5+ Kb6 48. Rb5+ Ka6 49. Rd5 h4 50. Ne6 hxg3 51. hxg3 Bxg3 52. Nc5+ Kb6 53. Nd7+ Kc6 54. Nxf6 Rf7 55. Ra5 Bc7 56. Ra6+ Bb6 57. Nxg4 Kb5 58. Rxb6+ axb6 59. Kc3 Rf3+ 60. Kb2 Kb4 61. Ne5 Rf2+ 62. Kb1 Kc3 63. a4 Rf4 0-1

[Event "Mitropa Online Cup Open 2021"]
[Site "Hybrid"]
[Date "2021.05.04"]
[Round "1.5"]
[White "Travadon, Loic"]
[Black "Schwabeneder, Florian"]
[Result "1/2-1/2"]
[ECO "D37"]
[WhiteElo "2414"]
[BlackElo "2443"]
[Annotator "NA"]
[PlyCount "62"]
[EventDate "2021.05.04"]
[EventType "team-tourn"]
[EventCountry "NET"]
[SourceTitle "playchess.com"]
[Source "ChessBase"]
[SourceQuality "1"]
[WhiteTeam "France"]
[BlackTeam "Austria"]
[WhiteTeamCountry "FRA"]
[BlackTeamCountry "AUT"]
[TimeControl "40/5400+30:1800+30"]

1. d4 d5 2. c4 e6 3. Nc3 Nf6 4. Nf3 Nbd7 5. e3 a6 6. cxd5 exd5 7. Qb3 Nb6 8. Ne5 Bd6 9. Nd3 O-O 10. Be2 Re8 11. O-O c6 12. Qd1 Qc7 13. h3 Ne4 14. Qc2 Bf5 15. Nxe4 dxe4 16. Nc5 Nd5 17. Bd2 Qe7 18. Rfc1 Rab8 19. Bf1 h5 20. f4 g5 21. g3 gxf4 22. gxf4 Kh7 23. Qd1 Rg8+ 24. Kh2 Nxf4 25. exf4 Qh4 26. Qe1 Bxf4+ 27. Bxf4 Qxf4+ 28. Kh1 Qf3+ 29. Kh2 Qf4+ 30. Kh1 Qf3+ 31. Kh2 Qf4+ 1/2-1/2

[Event "Mitropa Online Cup Open 2021"]
[Site "Hybrid"]
[Date "2021.05.04"]
[Round "1.5"]
[White "Morgunov, Marc"]
[Black "Droin, Augustin"]
[Result "1-0"]
[ECO "B51"]
[WhiteElo "2385"]
[BlackElo "2292"]
[Annotator "NA"]
[PlyCount "129"]
[EventDate "2021.05.04"]
[EventType "team-tourn"]
[EventCountry "NET"]
[SourceTitle "playchess.com"]
[Source "ChessBase"]
[SourceQuality "1"]
[WhiteTeam "Austria"]
[BlackTeam "France"]
[WhiteTeamCountry "AUT"]
[BlackTeamCountry "FRA"]
[TimeControl "40/5400+30:1800+30"]

1. e4 c5 2. Nf3 d6 3. Bb5+ Nd7 4. Ba4 Ngf6 5. Qe2 e6 6. O-O Be7 7. c3 a6 8. d4 b5 9. Bc2 cxd4 10. cxd4 Bb7 11. Nbd2 e5 12. d5 O-O 13. Nb3 Qb8 14. a4 Rc8 15. a5 Qc7 16. Bd3 Nc5 17. Nxc5 dxc5 18. b3 Nd7 19. Bb2 Bd6 20. Nh4 c4 21. bxc4 bxc4 22. Bc2 g6 23. Bc3 Nc5 24. Rfb1 Rab8 25. Nf3 Nb3 26. Ra2 Ba8 27. Rab2 Rb5 28. Qd1 Qb8 29. Nd2 Nd4 30. Ba4 Rxb2 31. Rxb2 Qa7 32. Nf3 Nxf3+ 33. Qxf3 Qc5 34. Rb1 Qa3 35. Ra1 Qc5 36. Qd1 Rb8 37. Rb1 f5 38. Rxb8+ Bxb8 39. Bc6 Qa3 40. Qd2 Bxc6 41. dxc6 Qd6 42. Qd5+ Kg7 43. f4 Qa3 44. Bxe5+ Bxe5 45. Qxe5+ Kh6 46. h3 c3 47. c7 c2 48. c8=Q c1=Q+ 49. Qxc1 Qxc1+ 50. Kh2 fxe4 51. Qxe4 Qc5 52. Qe5 Qf8 53. g4 Qc8 54. g5+ Kh5 55. Qe2+ Kh4 56. Qf2+ Kh5 57. Kg3 Qc3+ 58. Qf3+ Qxf3+ 59. Kxf3 Kh4 60. Kg2 Kh5 61. Kg3 h6 62. gxh6 Kxh6 63. Kg4 Kg7 64. Kg5 Kf7 65. f5 1-0

[Event "Mitropa Online Cup Open 2021"]
[Site "Hybrid"]
[Date "2021.05.04"]
[Round "2.1"]
[White "Prusikin, Michael"]
[Black "Dragnev, Valentin"]
[Result "0-1"]
[ECO "D10"]
[WhiteElo "2547"]
[BlackElo "2559"]
[Annotator "ChessBase"]
[PlyCount "86"]
[EventDate "2021.05.04"]
[EventType "team-tourn"]
[EventCountry "NET"]
[SourceTitle "playchess.com"]
[Source "ChessBase"]
[SourceQuality "1"]
[WhiteTeam "Germany"]
[BlackTeam "Austria"]
[WhiteTeamCountry "GER"]
[BlackTeamCountry "AUT"]
[TimeControl "40/5400+30:1800+30"]

1. d4 d5 2. c4 c6 3. cxd5 cxd5 4. Bf4 Nc6 5. e3 Nf6 6. Nc3 Bf5 7. Qb3 Na5 8. Qa4+ Bd7 9. Qc2 e6 10. Bd3 Rc8 11. Nf3 Bb4 12. O-O Nh5 13. Be5 f6 14. Bg3 Nc4 15. Rac1 Nxg3 16. hxg3 Nd6 17. Qb1 Bxc3 18. Rxc3 Rxc3 19. bxc3 Qb6 20. Qb3 Bb5 21. Bxb5+ Qxb5 22. Qa3 Qa6 23. Qxa6 bxa6 24. Nd2 Ke7 25. Rb1 Rc8 26. Rb3 Kd7 27. Ra3 Rc6 28. Nb3 Nc4 29. Rxa6 Rxa6 30. Nc5+ Kd6 31. Nxa6 Nd2 32. Nc5 Nb1 33. Na4 Kc6 34. Kf1 Kb5 35. Nc5 e5 36. Ne6 Nxc3 37. Nxg7 exd4 38. exd4 Nxa2 39. Ke2 Kc4 40. Ne8 Kxd4 41. Nxf6 Nc3+ 42. Kd2 Ne4+ 43. Nxe4 dxe4 0-1